 Dungeon Sprint DCSS version 0.31-a0-182-gc5ef74bbde (webtiles) character file.

Game seed: 10564600906977009436

6645 rocky1 the Fencer (level 10, -2/91 (107) HPs)
             Began as a Minotaur Monk on June 21, 2023.
             Was an Initiate of Gozag.
             Slain by a profane servitor
             ... wielding a +2 whip
              (9 damage)
             ... in the Dungeon (Sprint VII: "The Pits").
             The game lasted 00:07:34 (1927 turns).

rocky1 the Fencer (Minotaur Monk)                   Turns: 1927, Time: 00:07:35

HP:   -2/91 (107)   AC: 22    Str: 16    XL:     10   Next: 72%
MP:   9/9           EV: 11    Int:  7    God:    Gozag
Gold: 534           SH:  0    Dex: 20    Spells: 9/9 levels left

rFire   + . .        v - +2 scimitar (holy)
rCold   + . .        d - orb {light}
rNeg    . . .        t - +3 plate armour
rPois   +            (helmet restricted)
rElec   +            u - +0 cloak
rCorr   +            (no gloves)
SInv    .            (no boots)
Will    .....        (no amulet) Stlth
                     i - +3 ring of dexterity
HPRegen 0.35/turn    q - +3 ring of protection
MPRegen 0.11/turn

%: no teleportation
@: mighty, resistant, heavily drained, invisible
A: horns 2, retaliatory headbutt
a: Renounce Religion, Potion Petition, Call Merchant, Bribe Branch


You were in the Dungeon.
You worshipped Gozag.
Gozag was pleased with you.
You visited 1 branch You collected 3096 gold pieces.
You spent 910 gold pieces at shops.
You paid 1652 gold pieces to Gozag.

Inventory:

Hand Weapons
 v - a +2 scimitar of holy wrath (weapon)
Armour
 b - a +1 kite shield of fire resistance
 d - an orb of light (worn)
 t - a +3 plate armour (worn)
 u - a +0 cloak (worn)
Jewellery
 i - a +3 ring of dexterity (left hand)
 q - a +3 ring of protection (right hand)
Wands
 a - a wand of flame (24)
 k - a wand of paralysis (5)
Scrolls
 j - a scroll of blinking
 m - 5 scrolls of amnesia
 n - a scroll of butterflies
Potions
 c - a potion of ambrosia
 e - 8 potions of curing
 f - 3 potions of heal wounds
 g - 2 potions of haste
 h - 4 potions of magic
 l - 2 potions of invisibility
 r - a potion of brilliance
 s - a potion of mutation


   Skills:
 + Level 15.9 Fighting
 + Level 19.0 Long Blades
 + Level 11.6 Armour
 + Level 11.5 Dodging
 - Level 2.5 Stealth
 * Level 8.6 Shields


You had 9 spell levels left.
You didn't know any spells.
Your spell library was empty.

Dungeon Overview and Level Annotations

Branches:
Dungeon (1/1)

Altars:
Ashenzari
Cheibriados
Dithmenos
Elyvilon
Fedhas
Gozag
Hepliaklqana
Kikubaaqudgha
Makhleb
Nemelex Xobeh
Okawaru
Qazlal
Ru
Sif Muna
Trog
Uskayaw
Vehumet
Wu Jian
Xom
Yredelemnul
Zin
The Shining One
Jiyva
Lugonu

Shops:
D *


Innate Abilities, Weirdness & Mutations

You have a pair of horns on your head.
You reflexively headbutt those who attack you in melee.


Message History

The profane servitor hits you with a +2 whip.
* * * LOW HITPOINT WARNING * * *
The profane servitor draws strength from your injuries!
The profane servitor hits you with a +2 whip!
* * * LOW HITPOINT WARNING * * *
You feel drained.
* * * LOW HITPOINT WARNING * * *
[a] - 357 gold - heal wounds, invisibility and might [b] - 480 gold - might, brilliance and invisibility [c] - 756 gold - resistance, might, haste and lignification Purchase which effect?
You feel much better.
You fade into invisibility!
You feel mightier all of a sudden.
The profane servitor hits you with a +2 whip.
The profane servitor draws strength from your injuries!
The profane servitor hits you with a +2 whip.
* * * LOW HITPOINT WARNING * * *
You feel drained.
The profane servitor hits you but does no damage.
The profane servitor hits you with a +2 whip.
* * * LOW HITPOINT WARNING * * *
You completely miss the profane servitor.
Your headbutt misses the profane servitor.
The profane servitor is moderately damaged.
The profane servitor hits you with a +2 whip!
* * * LOW HITPOINT WARNING * * *
The profane servitor draws strength from your injuries!
The profane servitor hits you but does no damage.
You slash the profane servitor!
The profane servitor is moderately damaged.
The profane servitor closely misses you.
You furiously retaliate!
You headbutt the profane servitor!!
The profane servitor hits you with a +2 whip.
* * * LOW HITPOINT WARNING * * *
You barely miss the profane servitor.
The profane servitor is heavily damaged.
The profane servitor barely misses you.
The profane servitor hits you with a +2 whip!
You die...
Your body crumbles into a pile of gold.

.....#..#......#
...............+
.......∩.......+
.....#..#......#
...............#
##'#####''######
......##''# ########
......##..# #..)$..#
......##..# #..#@#......
..<...##..##..##A##.....
......##..##.##...##...#
......##..####.....# .##
......##...##......# .#
########....').....' .'
########...##......#...#
.#...[##..####.....##.##
.#...[##..##.##...##...##


You could see a profane servitor.

Vanquished Creatures
  An orc sorcerer (D)
  A black mamba (D)
  Joseph (D)
  An orange demon (D)
  An ice devil (D)
  A red devil (D)
  A tyrant leech (D)
  11 dream sheep (D)
  A snapping turtle (D)
  4 blink frogs (D)
  A flying skull (D)
  2 wraiths (D)
  2 redbacks (D)
  2 wolves (D)
  3 centaurs (D)
  2 phantoms (D)
  A gnoll sergeant (D)
  2 scorpions (D)
  4 killer bees (D)
  A quasit (D)
  A hound (D)
  An iron imp (D)
  6 gnolls (D)
  An adder (D)
  A river rat (D)
  A white imp (D)
  An ufetubus (D)
  4 orcs (D)
  A bat skeleton (D)
  2 giant cockroaches (D)
  A goblin (D)
  A ball python (D)
  A ball python zombie (D)
65 creatures vanquished.

Notes
Turn   | Place    | Note
-------+----------+-------------------------------------------
     0 | D        | rocky1 the Minotaur Monk began the quest for the Orb.
     0 | D        | Reached XP level 1. HP: 19/19 MP: 0/0
    18 | D        | Found a bloodstained altar of Trog.
    18 | D        | Found a shimmering blue altar of Sif Muna.
    18 | D        | Found a viscous altar of Jiyva.
    18 | D        | Found a hazy altar of Hepliaklqana.
    18 | D        | Found an opulent altar of Gozag.
    19 | D        | Found a glowing golden altar of the Shining One.
    19 | D        | Found a glowing silver altar of Zin.
    19 | D        | Found a basalt altar of Yredelemnul.
    19 | D        | Found a shimmering altar of Xom.
    19 | D        | Found an ornate altar of the Wu Jian Council.
    19 | D        | Found a sacrificial altar of Ru.
    19 | D        | Found a stormy altar of Qazlal.
    19 | D        | Found an iron altar of Okawaru.
    19 | D        | Found a sparkling altar of Nemelex Xobeh.
    19 | D        | Found a burning altar of Makhleb.
    19 | D        | Found a blossoming altar of Fedhas.
    19 | D        | Found a white marble altar of Elyvilon.
    19 | D        | Found a shadowy altar of Dithmenos.
    19 | D        | Found a snail-covered altar of Cheibriados.
    22 | D        | Found a corrupted altar of Lugonu.
    22 | D        | Found a radiant altar of Vehumet.
    23 | D        | Found an ancient bone altar of Kikubaaqudgha.
    23 | D        | Found a hide-covered altar of Uskayaw.
    23 | D        | Found a broken altar of Ashenzari.
    26 | D        | Became a worshipper of Gozag Ym Sagoz the Greedy
    63 | D        | Reached skill level 4 in Long Blades
    66 | D        | Reached XP level 2. HP: 26/28 MP: 1/1
    71 | D        | Noticed a scorpion
    71 | D        | Noticed a scorpion
    76 | D        | Killed a scorpion
    77 | D        | Reached skill level 6 in Long Blades
    77 | D        | Reached skill level 5 in Dodging
    77 | D        | Reached XP level 3. HP: 38/38 MP: 2/2
    77 | D        | Reached XP level 4. HP: 45/45 MP: 3/3
    79 | D        | Killed a scorpion
    80 | D        | Reached skill level 7 in Long Blades
   223 | D        | Reached skill level 8 in Long Blades
   223 | D        | Reached XP level 5. HP: 53/53 MP: 4/4
   300 | D        | Noticed a wolf
   300 | D        | Noticed a wolf
   300 | D        | Noticed a centaur
   310 | D        | Killed a wolf
   311 | D        | Reached skill level 9 in Long Blades
   313 | D        | Killed a wolf
   314 | D        | Reached skill level 10 in Fighting
   314 | D        | Reached skill level 10 in Long Blades
   314 | D        | Reached XP level 6. HP: 66/66 MP: 5/5
   317 | D        | Reached skill level 11 in Long Blades
   485 | D        | Noticed a tyrant leech
   496 | D        | Killed a tyrant leech
   497 | D        | Reached skill level 12 in Long Blades
   497 | D        | Reached skill level 1 in Armour
   497 | D        | Reached XP level 7. HP: 48/74 MP: 6/6
   819 | D        | Reached skill level 10 in Dodging
   934 | D        | Noticed a dream sheep
   934 | D        | Noticed a dream sheep
   934 | D        | Noticed a dream sheep
   934 | D        | Noticed a dream sheep
   934 | D        | Noticed a dream sheep
   934 | D        | Noticed a dream sheep
   934 | D        | Noticed Joseph
   934 | D        | Noticed a dream sheep
   954 | D        | Killed a dream sheep
   955 | D        | Reached skill level 13 in Long Blades
   955 | D        | Reached skill level 1 in Stealth
   956 | D        | Killed a dream sheep
   957 | D        | Reached XP level 8. HP: 48/84 MP: 7/7
   963 | D        | Killed a dream sheep
   964 | D        | Reached skill level 14 in Long Blades
   965 | D        | Killed a dream sheep
   973 | D        | Killed a dream sheep
   974 | D        | Reached skill level 5 in Armour
   975 | D        | Killed a dream sheep
   976 | D        | Reached skill level 15 in Long Blades
   985 | D        | Killed Joseph
   986 | D        | Reached XP level 9. HP: 22/93 MP: 8/8
   998 | D        | Reached skill level 16 in Long Blades
  1147 | D        | Bought a lead wand for 144 gold pieces
  1147 | D        | Bought a runed kite shield for 270 gold pieces
  1147 | D        | Bought an encrusted lead wand for 144 gold pieces
  1147 | D        | Bought a wand of flame (14) for 352 gold pieces
  1160 | D        | Reached skill level 1 in Shields
  1181 | D        | Noticed an orange demon
  1181 | D        | Noticed a red devil
  1195 | D        | Reached skill level 17 in Long Blades
  1196 | D        | Killed an orange demon
  1207 | D        | Reached skill level 5 in Shields
  1210 | D        | Reached XP level 10. HP: 20/104 MP: 9/9
  1218 | D        | Reached skill level 18 in Long Blades
  1221 | D        | Reached skill level 15 in Fighting
  1439 | D        | Noticed an orc sorcerer
  1445 | D        | Reached skill level 10 in Armour
  1480 | D        | Killed an orc sorcerer
  1848 | D        | Noticed a black mamba
  1849 | D        | Noticed a profane servitor
  1862 | D        | Killed a black mamba
  1885 | D        | Reached skill level 19 in Long Blades
  1927 | D        | Slain by a profane servitor

Illustrated notes

Levels and vault maps discovered:
D:        pitsprint [storerooms_1, entrance_room_1, metal_vault_3, armoury_3,
          mini_pit_1, grid_room_1, main_hall_1, silver_pit, the_coven_1,
          the_vestibule_1, steel_vault_2, golden_pit, hallway_of_sentries,
          crystal_vault_4, iron_vault_4, final_vault]

Skill      XL: |  1  2  3  4  5  6  7  8  9 10 |
---------------+-------------------------------+-----
Fighting       | 4 6 7 10 11 12 13 14 15 | 15.9
Long Blades    | 4 6 8 10 12 13 15 17 19 | 19.0
Dodging        | 4 5 7 8 9 10 11 | 11.5
Armour         | 1 3 6 9 11 | 11.6
Stealth        | 1 2 |  2.5
Shields        | 5 8 |  8.6

Action                     |  1- 3 |  4- 6 |  7- 9 | 10-12 || total
---------------------------+-------+-------+-------+-------++-------
  Melee: Falchion          |    10 |    11 |       |       ||    21
         Headbutt          |     3 |     9 |    22 |    16 ||    50
         Long sword        |       |    28 |    54 |       ||    82
         Scimitar          |       |       |    26 |    96 ||   122
 Invoke: Call Merchant     |       |       |     1 |       ||     1
         Potion Petition   |       |       |       |     2 ||     2
    Use: Potion            |     1 |     2 |     2 |     7 ||    12
   Stab: Distracted        |       |     1 |     1 |       ||     2
 Armour: Robe              |     2 |     1 |       |       ||     3
         Plate armour      |       |    13 |    36 |    75 ||   124
  Dodge: Dodged            |     6 |    15 |    19 |    37 ||    77

Table legend: (Time is in decaauts)
 A = Elapsed time spent in this place.
 B = Non-inter-level travel time spent in this place.
 C = Inter-level travel time spent in this place.
 D = Time resting spent in this place.
 E = Time spent auto-exploring this place.
 F = Levels seen in this place.
 G = Mean time per level.
                   A        B        C        D        E       F      G
               +--------+--------+--------+--------+--------+-----+--------+
         Total |   1902 |   1839 |     63 |   1229 |      0 |   1 | 1902.0 |
       Dungeon |   1902 |   1839 |     63 |   1229 |      0 |   1 | 1902.0 |
               +--------+--------+--------+--------+--------+-----+--------+

Top non-repeatable levels by time:
       D: 1902 daAuts
